SA
GRIM REAPERS @ NEBRASKA PLAINSMEN
06/18/2029
 
TOP OF THE 1ST
Grim Reapers batting - Pitching for Nebraska Plainsmen : RHP Luis Bustamante
Pitching: RHP Luis Bustamante
Batting: RHB Dolla Head 0-0: Called Strike
0-1: Ball
1-1: SINGLE (Line Drive, 89M)
Batting: RHB Milos Jaksch 0-0: Ball
Throwing error on steal attempt, E2
Dolla Head to third
1-0: Foul Ball, location: 2F
1-1: Ball
2-1: Swinging Strike
2-2: SINGLE (Line Drive, 78M)
Dolla Head scores
Batting: SHB Cash Masters 0-0: Ball
1-0: Foul Ball, location: 2F
1-1: Ball
2-1: Called Strike
2-2: Foul Ball, location: 2F
2-2: Strikes out swinging
Batting: RHB Guillermo Mata 0-0: Fly out, F7 (Flyball, 78M)
Batting: RHB Colby King 0-0: Ball
1-0: Fly out, F8 (Flyball, 89D)
Top of the 1st over - 1 run, 2 hits, 1 error, 1 left on base; Grim 1 - Nebraska 0
BOTTOM OF THE 1ST
Nebraska Plainsmen batting - Pitching for Grim Reapers : RHP Johnnie Bough
Pitching: RHP Johnnie Bough
Batting: RHB José Germán 0-0: Foul Ball, location: 2F
0-1: Ball
1-1: Ball
2-1: Called Strike
2-2: Ball
3-2: Strikes out looking
Batting: SHB Cyrille Baffi 0-0: Called Strike
0-1: Swinging Strike
0-2: Strikes out swinging
Batting: LHB Gerardo Ponce de Leon 0-0: Ball
1-0: Ball
2-0: Fly out, F4 (Line Drive, 4)
Bottom of the 1st over - 0 runs, 0 hits, 0 errors, 0 left on base; Grim 1 - Nebraska 0
TOP OF THE 2ND
Grim Reapers batting - Pitching for Nebraska Plainsmen : RHP Luis Bustamante
Batting: RHB Yoshi Kouda 0-0: Foul Ball, location: 2F
0-1: Foul Ball, location: 2F
0-2: Ground out 1-3 (Groundball, 15S)
Batting: LHB Kei-thing Zhang 0-0: Fly out, F8 (Flyball, 8RXD)
Batting: RHB Mun-wah Law 0-0: Swinging Strike
0-1: Called Strike
0-2: Strikes out swinging
Top of the 2nd over - 0 runs, 0 hits, 0 errors, 0 left on base; Grim 1 - Nebraska 0
BOTTOM OF THE 2ND
Nebraska Plainsmen batting - Pitching for Grim Reapers : RHP Johnnie Bough
Batting: RHB Alco Compagne 0-0: Called Strike
0-1: Called Strike
0-2: Ball
1-2: Strikes out looking
Batting: RHB Shelby Loudenslager 0-0: Called Strike
0-1: Ball
1-1: Swinging Strike
1-2: Ball
2-2: SINGLE (Groundball, 4D)
Batting: LHB Bob Knutson 0-0: Foul Ball, location: 2F
0-1: Foul Ball, location: 2F
0-2: Ball
Wild Pitch!
Shelby Loudenslager to second
1-2: Strikes out swinging
Batting: RHB Hal Gast 0-0: Ball
1-0: DOUBLE (Line Drive, 9LM)
Shelby Loudenslager scores
Batting: RHB Martin Dalling 0-0: Called Strike
0-1: Foul Ball, location: 2F
0-2: Ball
1-2: Foul Ball, location: 2F
1-2: Fly out, F9 (Flyball, 9)
Bottom of the 2nd over - 1 run, 2 hits, 0 errors, 1 left on base; Grim 1 - Nebraska 1
TOP OF THE 3RD
Grim Reapers batting - Pitching for Nebraska Plainsmen : RHP Luis Bustamante
Batting: RHB Huai-yi Yang 0-0: Called Strike
0-1: Ball
1-1: Ball
2-1: Ball
3-1: Foul Ball, location: 2F
3-2: Base on Balls
Batting: RHB Dolla Head 0-0: Fielders Choice at 2nd, 6-4 (Groundball, 6)
Batting: RHB Milos Jaksch 0-0: Called Strike
Dolla Head steals 2nd base
0-1: Ball
1-1: Ball
2-1: Fly out, F3 (Popup, 34)
Batting: SHB Cash Masters 0-0: Ball
1-0: Ball
2-0: Called Strike
2-1: Ground out 6-3 (Groundball, 6M)
Top of the 3rd over - 0 runs, 0 hits, 0 errors, 1 left on base; Grim 1 - Nebraska 1
BOTTOM OF THE 3RD
Nebraska Plainsmen batting - Pitching for Grim Reapers : RHP Johnnie Bough
Batting: RHB Tatsui Murakami 0-0: Called Strike
0-1: Foul Ball, location: 2F
0-2: Ball
1-2: Strikes out looking
Batting: RHB José Germán 0-0: Ground out 6-3 (Groundball, 6)
Batting: SHB Cyrille Baffi 0-0: Ball
1-0: Swinging Strike
1-1: Ball
2-1: Foul Ball, location: 2F
2-2: Ball
3-2: Foul Ball, location: 2F
3-2: SINGLE (Line Drive, 4)
Batting: LHB Gerardo Ponce de Leon 0-0: Ball
Cyrille Baffi is caught stealing 2nd base
Bottom of the 3rd over - 0 runs, 1 hit, 0 errors, 0 left on base; Grim 1 - Nebraska 1
TOP OF THE 4TH
Grim Reapers batting - Pitching for Nebraska Plainsmen : RHP Luis Bustamante
Batting: RHB Guillermo Mata 0-0: Called Strike
0-1: Ball
1-1: Ground out 4-3 (Groundball, 4M)
Batting: RHB Colby King 0-0: Ball
1-0: SINGLE (Groundball, 56D)
Batting: RHB Yoshi Kouda 0-0: Ball
1-0: Ball
2-0: Called Strike
2-1: Swinging Strike
2-2: Fielders Choice at 2nd, 6-4 (Groundball, 6M)
Batting: LHB Kei-thing Zhang 0-0: Ball
1-0: Ball
2-0: Ball
3-0: Called Strike
3-1: Ground out 6-3 (Groundball, P)
Top of the 4th over - 0 runs, 1 hit, 0 errors, 1 left on base; Grim 1 - Nebraska 1
BOTTOM OF THE 4TH
Nebraska Plainsmen batting - Pitching for Grim Reapers : RHP Johnnie Bough
Batting: LHB Gerardo Ponce de Leon 0-0: Ball
1-0: Called Strike
1-1: Called Strike
1-2: Foul Ball, location: 2F
1-2: Strikes out swinging
Batting: RHB Alco Compagne 0-0: Ground out 5-3 (Groundball, 56S)
Batting: RHB Shelby Loudenslager 0-0: Ball
1-0: Foul Ball, location: 2F
1-1: Swinging Strike
1-2: Ball
2-2: Ball
3-2: Strikes out swinging
Bottom of the 4th over - 0 runs, 0 hits, 0 errors, 0 left on base; Grim 1 - Nebraska 1
TOP OF THE 5TH
Grim Reapers batting - Pitching for Nebraska Plainsmen : RHP Luis Bustamante
Batting: RHB Mun-wah Law 0-0: Fly out, F7 (Flyball, 7S)
Batting: RHB Huai-yi Yang 0-0: Ball
1-0: Called Strike
1-1: Ball
2-1: Swinging Strike
2-2: Ball
3-2: Fly out, F7 (Flyball, 7)
Batting: RHB Dolla Head 0-0: Ball
1-0: Called Strike
1-1: Ball
2-1: Foul Ball, location: 2F
2-2: Ball
3-2: SINGLE (Line Drive, 6MD)
Pitching: RHP Doran Turchin
Batting: RHB Milos Jaksch 0-0: Ball
1-0: Ball
Dolla Head steals 2nd base
2-0: Foul Ball, location: 2F
2-1: Foul Ball, location: 2F
2-2: Ball
3-2: Foul Ball, location: 2F
3-2: Fly out, F8 (Flyball, 89D)
Top of the 5th over - 0 runs, 1 hit, 0 errors, 1 left on base; Grim 1 - Nebraska 1
BOTTOM OF THE 5TH
Nebraska Plainsmen batting - Pitching for Grim Reapers : RHP Johnnie Bough
Batting: LHB Bob Knutson 0-0: Called Strike
0-1: Foul Ball, location: 2F
0-2: Strikes out swinging
Batting: RHB Hal Gast 0-0: Ball
1-0: Swinging Strike
1-1: Swinging Strike
1-2: Ball
2-2: Strikes out swinging
Batting: RHB Martin Dalling 0-0: Ball
1-0: DOUBLE (Line Drive, 7LM)
Batting: RHB Tatsui Murakami 0-0: Ground out 5-3 (Groundball, 56)
Bottom of the 5th over - 0 runs, 1 hit, 0 errors, 1 left on base; Grim 1 - Nebraska 1
TOP OF THE 6TH
Grim Reapers batting - Pitching for Nebraska Plainsmen : RHP Doran Turchin
Batting: SHB Cash Masters 0-0: Ball
1-0: Ball
2-0: Ball
3-0: Called Strike
3-1: DOUBLE (Groundball, 3L)
Batting: RHB Guillermo Mata 0-0: Intentional Walk
Batting: RHB Colby King 0-0: Fly out, F8 (Flyball, 8LD)
Batting: RHB Yoshi Kouda 0-0: Called Strike
0-1: Called Strike
0-2: Ball
1-2: Ball
2-2: Foul Ball, location: 2F
2-2: Fly out, F8 (Flyball, 89D)
Runner from 2nd tags up, SAFE at 3rd, no throw
Batting: LHB Kei-thing Zhang 0-0: Ground out U3 (Groundball, 34S)
Top of the 6th over - 0 runs, 1 hit, 0 errors, 2 left on base; Grim 1 - Nebraska 1
BOTTOM OF THE 6TH
Nebraska Plainsmen batting - Pitching for Grim Reapers : RHP Johnnie Bough
Batting: RHB José Germán 0-0: Called Strike
0-1: Ball
1-1: Swinging Strike
1-2: Strikes out swinging
Batting: SHB Cyrille Baffi 0-0: Ball
1-0: Ball
2-0: Called Strike
2-1: Foul Ball, location: 2F
2-2: Strikes out swinging
Batting: LHB Gerardo Ponce de Leon 0-0: Ball
1-0: Ground out 1-3 (Groundball, 13S)
Bottom of the 6th over - 0 runs, 0 hits, 0 errors, 0 left on base; Grim 1 - Nebraska 1
TOP OF THE 7TH
Grim Reapers batting - Pitching for Nebraska Plainsmen : RHP Doran Turchin
Batting: RHB Mun-wah Law 0-0: Foul Ball, location: 2F
0-1: Foul Ball, location: 2F
0-2: Strikes out looking
Pinch Hitting: RHB Lu-fang Koo 0-0: Foul Ball, location: 2F
0-1: Ball
1-1: Ball
2-1: Foul Ball, location: 2F
2-2: TRIPLE (Line Drive, 7D)
Pinch Hitting: RHB David Gaston 0-0: Called Strike
0-1: Foul Ball, location: 2F
0-2: Strikes out swinging
Batting: RHB Milos Jaksch 0-0: Foul Ball, location: 2F
0-1: Ball
1-1: Fly out, F7 (Flyball, 7)
Top of the 7th over - 0 runs, 1 hit, 0 errors, 1 left on base; Grim 1 - Nebraska 1
BOTTOM OF THE 7TH
Nebraska Plainsmen batting - Pitching for Grim Reapers : RHP Johnnie Bough
Now at 2B: Lu-fang Koo
Now at 3B: Mason Congdon
Batting: RHB Alco Compagne 0-0: Called Strike
0-1: Ball
1-1: Ball
2-1: Foul Ball, location: 2F
2-2: Strikes out swinging
Pinch Hitting: SHB Rafael Porfrio 0-0: Ball
1-0: Ball
2-0: Swinging Strike
2-1: DOUBLE (Line Drive, 9LM)
Batting: LHB Bob Knutson 0-0: Intentional Walk
Pinch Hitting: RHB Lloyd Raaijmakers 0-0: Ball
1-0: Fly out, F9 (Flyball, 9LSF)
Pinch Hitting: RHB José Bravo 0-0: Ball
1-0: Swinging Strike
1-1: Ball
2-1: Swinging Strike
2-2: Strikes out swinging
Bottom of the 7th over - 0 runs, 1 hit, 0 errors, 2 left on base; Grim 1 - Nebraska 1
TOP OF THE 8TH
Grim Reapers batting - Pitching for Nebraska Plainsmen : RHP Doran Turchin
Now at 1B: Rafael Porfrio
Now at 3B: José Bravo
Now at SS: Lloyd Raaijmakers
Batting: SHB Cash Masters 0-0: Ball
1-0: Ground out 4-3 (Groundball, 4S)
Batting: RHB Guillermo Mata 0-0: SINGLE (Groundball, 6) (infield hit)
Batting: RHB Colby King 0-0: Fly out, F8 (Flyball, 8LD)
Batting: RHB Yoshi Kouda 0-0: Foul Ball, location: 2F
0-1: Ball
1-1: Foul Ball, location: 2F
1-2: Ball
2-2: Strikes out swinging
Top of the 8th over - 0 runs, 1 hit, 0 errors, 1 left on base; Grim 1 - Nebraska 1
BOTTOM OF THE 8TH
Nebraska Plainsmen batting - Pitching for Grim Reapers : RHP Johnnie Bough
Batting: RHB Tatsui Murakami 0-0: Ball
1-0: Ground out 6-3 (Groundball, 6)
Pinch Hitting: SHB Allen Pandey 0-0: Ball
1-0: Fly out, F7 (Flyball, 78M)
Batting: SHB Cyrille Baffi 0-0: Ball
1-0: Fly out, F7 (Line Drive, 7LM)
Bottom of the 8th over - 0 runs, 0 hits, 0 errors, 0 left on base; Grim 1 - Nebraska 1
TOP OF THE 9TH
Grim Reapers batting - Pitching for Nebraska Plainsmen : RHP Doran Turchin
Now in CF: Yin-reng Hsueh
Batting: LHB Kei-thing Zhang 0-0: Ball
1-0: Ball
2-0: Called Strike
2-1: Foul Ball, location: 2F
2-2: Strikes out looking
Batting: RHB Mun-wah Law 0-0: SINGLE (Line Drive, 6)
Batting: RHB Lu-fang Koo 0-0: Ball
1-0: Fielders Choice at 2nd, 6-4 (Groundball, 6)
Batting: RHB Mason Congdon 0-0: Ball
Lu-fang Koo is caught stealing 2nd base
Top of the 9th over - 0 runs, 1 hit, 0 errors, 0 left on base; Grim 1 - Nebraska 1
BOTTOM OF THE 9TH
Nebraska Plainsmen batting - Pitching for Grim Reapers : RHP Johnnie Bough
Batting: LHB Gerardo Ponce de Leon 0-0: Ball
1-0: Swinging Strike
1-1: Swinging Strike
1-2: Fly out, F9 (Flyball, 9S)
Batting: RHB Alco Compagne 0-0: Fly out, F8 (Flyball, 8RM)
Batting: SHB Rafael Porfrio 0-0: Fly out, F8 (Flyball, 89S)
Bottom of the 9th over - 0 runs, 0 hits, 0 errors, 0 left on base; Grim 1 - Nebraska 1
TOP OF THE 10TH
Grim Reapers batting - Pitching for Nebraska Plainsmen : RHP Doran Turchin
Batting: RHB Mason Congdon 0-0: Ball
1-0: Foul Ball, location: 2F
1-1: Called Strike
1-2: Ball
2-2: Strikes out swinging
Batting: RHB Milos Jaksch 0-0: Called Strike
0-1: Ball
1-1: Ground out 6-3 (Groundball, 56)
Batting: SHB Cash Masters 0-0: Fly out, F4 (Line Drive, 4M)
Top of the 10th over - 0 runs, 0 hits, 0 errors, 0 left on base; Grim 1 - Nebraska 1
BOTTOM OF THE 10TH
Nebraska Plainsmen batting - Pitching for Grim Reapers : RHP Johnnie Bough
Pitching: RHP Gojong Joseon
Batting: LHB Bob Knutson 0-0: Called Strike
0-1: Ball
1-1: Ball
2-1: Fly out, F7 (Flyball, 7LS)
Batting: RHB Lloyd Raaijmakers 0-0: Ball
1-0: Ball
2-0: Ball
3-0: Called Strike
3-1: Ground out 6-3 (Groundball, 6)
Batting: RHB José Bravo 0-0: Called Strike
0-1: Foul Ball, location: 2F
0-2: Foul Ball, location: 2F
0-2: Strikes out looking
Bottom of the 10th over - 0 runs, 0 hits, 0 errors, 0 left on base; Grim 1 - Nebraska 1
TOP OF THE 11TH
Grim Reapers batting - Pitching for Nebraska Plainsmen : RHP Doran Turchin
Batting: RHB Guillermo Mata 0-0: Called Strike
0-1: Called Strike
0-2: Strikes out looking
Batting: RHB Colby King 0-0: SINGLE (Groundball, 34D)
Batting: RHB Yoshi Kouda 0-0: Ball
1-0: Swinging Strike
1-1: Foul Ball, location: 2F
1-2: Foul Ball, location: 2F
1-2: Fly out, F6 (Line Drive, 6)
Batting: LHB Kei-thing Zhang 0-0: Foul Ball, location: 2F
0-1: Ball
1-1: Ball
2-1: Foul Ball, location: 2F
2-2: Foul Ball, location: 2F
2-2: Ground out 4-3 (Groundball, 34)
Top of the 11th over - 0 runs, 1 hit, 0 errors, 1 left on base; Grim 1 - Nebraska 1
BOTTOM OF THE 11TH
Nebraska Plainsmen batting - Pitching for Grim Reapers : RHP Gojong Joseon
Batting: RHB Tatsui Murakami 0-0: Ball
1-0: Foul Ball, location: 2F
1-1: Swinging Strike
1-2: Strikes out swinging
Batting: LHB Yin-reng Hsueh 0-0: Called Strike
0-1: Ball
1-1: Swinging Strike
1-2: Strikes out looking
Batting: SHB Cyrille Baffi 0-0: Ball
1-0: Fly out, F9 (Line Drive, 9)
Bottom of the 11th over - 0 runs, 0 hits, 0 errors, 0 left on base; Grim 1 - Nebraska 1
TOP OF THE 12TH
Grim Reapers batting - Pitching for Nebraska Plainsmen : RHP Doran Turchin
Batting: RHB Mun-wah Law 0-0: Swinging Strike
0-1: Swinging Strike
0-2: Strikes out swinging
Batting: RHB Lu-fang Koo 0-0: Foul Ball, location: 2F
0-1: Foul Ball, location: 2F
0-2: Foul Ball, location: 2F
0-2: Strikes out swinging, 2-3 out at first.
Batting: RHB Mason Congdon 0-0: SINGLE (Groundball, 4S) (infield hit)
Batting: RHB Milos Jaksch 0-0: Ground out 4-3 (Groundball, 4)
Top of the 12th over - 0 runs, 1 hit, 0 errors, 1 left on base; Grim 1 - Nebraska 1
BOTTOM OF THE 12TH
Nebraska Plainsmen batting - Pitching for Grim Reapers : RHP Gojong Joseon
Pitching: RHP Francisco Rivera
Batting: LHB Gerardo Ponce de Leon 0-0: Called Strike
0-1: Swinging Strike
0-2: Ball
1-2: Ground out U3 (Groundball, 3)
Batting: RHB Alco Compagne 0-0: Ground out 4-3 (Groundball, 4MD)
Batting: SHB Rafael Porfrio 0-0: Ball
1-0: Ball
2-0: Ball
3-0: Base on Balls
Batting: LHB Bob Knutson 0-0: Ball
1-0: Swinging Strike
1-1: Foul Ball, location: 2F
1-2: Ball
2-2: Strikes out swinging
Bottom of the 12th over - 0 runs, 0 hits, 0 errors, 1 left on base; Grim 1 - Nebraska 1
TOP OF THE 13TH
Grim Reapers batting - Pitching for Nebraska Plainsmen : RHP Doran Turchin
Batting: SHB Cash Masters 0-0: Ball
1-0: Fly out, F8 (Flyball, 8RD)
Batting: RHB Guillermo Mata 0-0: SOLO HOME RUN (Flyball, 78XD), Distance : 437 ft
Batting: RHB Colby King 0-0: Ball
1-0: Swinging Strike
1-1: Ball
2-1: Ball
3-1: Base on Balls
Batting: RHB Yoshi Kouda 0-0: Ball
1-0: Ball
Colby King is caught stealing 2nd base
2-0: Ball
3-0: Called Strike
3-1: Foul Ball, location: 2F
3-2: Foul Ball, location: 2F
3-2: Strikes out swinging
Top of the 13th over - 1 run, 1 hit, 0 errors, 0 left on base; Grim 2 - Nebraska 1
BOTTOM OF THE 13TH
Nebraska Plainsmen batting - Pitching for Grim Reapers : RHP Francisco Rivera
Now at 1B: Luis Pagán
Now in LF: Lee Benjamin
Batting: RHB Lloyd Raaijmakers 0-0: Swinging Strike
0-1: Ground out 1-3 (Groundball, 15)
Batting: RHB José Bravo 0-0: Ball
1-0: Ball
2-0: Ball
3-0: Called Strike
3-1: Base on Balls
Batting: RHB Tatsui Murakami 0-0: Called Strike
0-1: Ball
1-1: Ball
2-1: DOUBLE (Line Drive, 9LM)
José Bravo to third
Batting: LHB Yin-reng Hsueh 0-0: Called Strike
0-1: Ground out 6-3 (Groundball, 6)
Batting: SHB Cyrille Baffi 0-0: Called Strike
0-1: Called Strike
0-2: Foul Ball, location: 2F
0-2: Ball
1-2: Strikes out looking
Bottom of the 13th over - 0 runs, 1 hit, 0 errors, 2 left on base; Grim 2 - Nebraska 1
Tuesday, December 19th, 2017 - OOTP Baseball 18.8 Build 76